 Seeded DCSS version 0.30-a0-1124-g6e8f0f562f (webtiles) character file.

Game seed: 7516547612963194402 (custom seed)

182 Esekla the Stinger (level 5, -13/39 HPs)
             Began as a Demonspawn Wanderer on Apr 24, 2023.
             Killed by divine providence
             ... invoked by an orc priest
              (15 damage)
             ... on level 4 of the Dungeon.
             The game lasted 00:14:18 (2368 turns).

Esekla the Stinger (Demonspawn Wanderer)            Turns: 2368, Time: 00:14:19

Health: -13/39     AC:  4    Str: 14    XL:     5   Next: 35%
Magic:  5/9        EV: 10    Int: 16    God:
Gold:   118        SH:  7    Dex: 10    Spells: 8/9 levels left

rFire   . . .        a - +2 dagger (freeze)
rCold   . . .        k - +0 buckler
rNeg    . . .        e - +0 leather armour
rPois   .            c - +0 helmet
rElec   .            (no cloak)
rCorr   .            (no gloves)
SInv    .            (no boots)
Will    .....        (no amulet)
Stlth   +            (no ring)
HPRegen 0.26/turn    (no ring)
MPRegen 0.11/turn

%: no passive effects
@: hasted, very quick
A: condensation shield, weakness stinger 2
a: no special abilities


You were on level 4 of the Dungeon.
You visited 1 branch of the dungeon, and saw 4 of its levels.

You collected 118 gold pieces.

Inventory:

Hand Weapons
 a - a +2 dagger of freezing (weapon)
 s - a +0 trident
Missiles
 h - 2 throwing nets
 i - 4 poisoned darts (quivered)
 p - 6 boomerangs
Armour
 c - a +0 helmet (worn)
 e - a +0 leather armour (worn)
 k - a +0 buckler (worn)
Wands
 r - a wand of flame (10)
Scrolls
 d - a scroll of fog
 g - 2 scrolls of identify {unknown}
 j - 2 scrolls of acquirement {unknown}
 m - a scroll of enchant armour {unknown}
 n - 2 scrolls of teleportation {unknown}
 o - 3 scrolls of blinking {unknown}
 u - a scroll of amnesia {unknown}
Potions
 b - a potion of berserk rage
 f - a potion of curing {unknown}
 l - a potion of attraction {unknown}
 q - a potion of brilliance {unknown}
 t - a potion of haste


   Skills:
 * Level 2.7 Fighting
 + Level 1.0 Short Blades
 + Level 0.5 Throwing
 * Level 1.7 Armour
 + Level 0.5 Dodging
 + Level 1.2 Stealth
 * Level 0.8 Shields
 * Level 2.8 Spellcasting
 + Level 1.3 Transmutations
 + Level 3.7 Poison Magic
 + Level 1.0 Evocations


You had 8 spell levels left.
You knew the following spells:

 Your Spells              Type           Power      Damage    Failure   Level
a - Sting                 Tmut/Pois      40%        1d5       12%         1

Your spell library contained the following spells:

 Spells                   Type           Power      Damage    Failure   Level
 Spider Form              Tmut/Pois      10%        N/A       34%         3
 Ignite Poison            Fire/Tmut/Pois 7%         N/A       43%         3
 Lesser Beckoning         Tloc           4%         N/A       45%         2
 Gell's Gravitas          Tloc           2%         N/A       69%         3
 Teleport Other           Tloc           2%         N/A       69%         3
 Sticky Flame             Conj/Fire      2%         2d3       97%         4
 Ignition                 Fire           1%         3d3       100%        8


Dungeon Overview and Level Annotations

Branches:
Dungeon (4/15)
 Temple: D:4-7

Altars:

Annotations:
D:4 Edmund


Innate Abilities, Weirdness & Mutations

A meltable shield of frost defends you. (SH +4)
You have a tail ending in a sharp stinger.


Message History

Confirm with . or Enter, or press ? or * to list all spells.
Aiming: Sting (safe; 12% risk of failure)
Press: ? - help, Shift-Dir - straight line, f/p - orc
Aim: an orc, wielding a +0 whip (71% to hit)
The sting misses the orc.
You closely miss the orc. The orc hits you with a +0 whip.
The orc priest invokes the aid of Beogh against you.
Beogh smites you!
You hit the orc. You freeze the orc.
The orc is almost dead.
The orc closely misses you.
The orc priest invokes the aid of Beogh against you.
Beogh smites you!
You hit the orc. You freeze the orc.
You kill the orc!
The orc priest mumbles some strange prayers to Beogh against you.
Beogh smites you!
* * * LOW HITPOINT WARNING * * *
Casting: Sting (safe; 12% risk of failure)
Confirm with . or Enter, or press ? or * to list all spells.
Aiming: Sting (safe; 12% risk of failure)
Press: ? - help, Shift-Dir - straight line, f - orc priest
Aim: an orc priest, wielding a +0 hand axe (71% to hit)
The sting hits the orc priest.
The orc priest is poisoned.
The orc priest is lightly wounded.
An orc wizard comes into view. It is wielding a +0 dagger.
Casting: Sting (safe; 12% risk of failure)
Confirm with . or Enter, or press ? or * to list all spells.
You don't know that spell.
Casting: Sting (safe; 12% risk of failure)
Confirm with . or Enter, or press ? or * to list all spells.
Aiming: Sting (safe; 12% risk of failure)
Press: ? - help, Shift-Dir - straight line, f - orc wizard, p - orc priest
Aim: an orc wizard, wielding a +0 dagger and wearing a +0 robe (64% to hit)
The sting hits the orc priest.
The orc priest looks even sicker.
The orc priest is moderately wounded.
It was a potion of haste.
You feel yourself speed up.
The orc priest invokes the aid of Beogh against you.
Beogh smites you!
You die...

.##.#
(.......#......##.#
.....
##o#.###......#....#
###
.(#.######.#..)####
# #o#...........## #
#.########.#### #)#
#.# #.# #.#
#.########.#
#.oo@......#
############


You could see an orc priest (very poisoned) and an orc wizard.

Vanquished Creatures
  2 hounds
  Terence (D:2)
  3 adders
  2 worms (D:2)
  4 dart slugs
  4 orcs (D:4)
  6 ball pythons
  4 endoplasms
  4 giant cockroaches
  5 goblins
  4 hobgoblins
  A quokka (D:3)
  3 bats
  6 kobolds
  3 rats
52 creatures vanquished.

Notes
Turn   | Place    | Note
-------+----------+-------------------------------------------
     0 | D:1      | Esekla the Demonspawn Wanderer began the quest for the Orb.
     0 | D:1      | Esekla set off with the following items: a +0 club, a
                  | potion of berserk rage, a +0 robe, a scroll of fog; and the
                  | following spells available to memorise: Sting, Spider Form,
                  | Ignite Poison.
     0 | D:1      | Reached XP level 1. HP: 16/16 MP: 3/3
    17 | D:1      | Learned a level 1 spell: Sting
   205 | D:1      | Gained mutation: A meltable shield of frost defends you.
                  | (SH +4) [demonic ancestry]
   205 | D:1      | Reached XP level 2. HP: 22/22 MP: 1/5
   330 | D:1      | You fall into a shaft and drop 1 floor!
   580 | D:2      | Reached XP level 3. HP: 27/27 MP: 6/6
   852 | D:2      | Noticed Terence
  1208 | D:3      | Gained mutation: You have a small tail. [demonic ancestry]
  1208 | D:3      | Reached XP level 4. HP: 34/34 MP: 5/7
  1384 | D:2      | Killed Terence
  1493 | D:2      | Reached skill level 1 in Armour
  1825 | D:4      | Gained mutation: You have a tail ending in a sharp stinger.
                  | [demonic ancestry]
  1825 | D:4      | Reached XP level 5. HP: 32/39 MP: 9/9
  2021 | D:4      | Reached skill level 1 in Short Blades
  2163 | D:4      | Noticed Edmund
  2365 | D:4      | HP: 1/39 [orc priest/divine providence (15)]
  2368 | D:4      | Killed from afar by an orc priest

Illustrated notes

Levels and vault maps discovered:
D:1:      matt_arrival_refuge, layout_loops_ring, minmay_statues_item,
          chequers_serial_rivers_micro_c
D:2:      layout_loops_cross, uniq_terence
D:3:      layout_loops_cross
D:4:      layout_loops_ring, tso_metal_star, uniq_edmund

Skill      XL: |  1  2  3  4  5 |
---------------+----------------+-----
Armour         | 1 |  1.7
Short Blades   | 1 |  1.0
Fighting       | |  2.7
Throwing       | |  0.5
Dodging        | |  0.5
Stealth        | |  1.2
Shields        | |  0.8
Spellcasting   | |  2.8
Transmutations | |  1.3
Poison Magic   | |  3.7
Evocations     | |  1.0

Action                     |  1- 3 |  4- 6 || total
---------------------------+-------+-------++-------
  Melee: Dagger            |    70 |    85 ||   155
         Tailslap          |       |    10 ||    10
  Throw: Dart              |     6 |     2 ||     8
   Cast: Sting             |    18 |    11 ||    29
    Use: Potion            |       |     1 ||     1
   Stab: Sleeping          |     1 |     1 ||     2
 Armour: Leather armour    |    16 |    15 ||    31
  Dodge: Dodged            |    27 |    29 ||    56
  Block: Other             |     4 |       ||     4
         Buckler           |     4 |    16 ||    20

Table legend: (Time is in decaauts)
 A = Elapsed time spent in this place.
 B = Non-inter-level travel time spent in this place.
 C = Inter-level travel time spent in this place.
 D = Time resting spent in this place.
 E = Time spent auto-exploring this place.
 F = Levels seen in this place.
 G = Mean time per level.
                   A        B        C        D        E       F      G
               +--------+--------+--------+--------+--------+-----+--------+
         Total |   2370 |   2318 |     52 |    434 |    460 |   4 |  592.5 |
       Dungeon |   2370 |   2318 |     52 |    434 |    460 |   4 |  592.5 |
               +--------+--------+--------+--------+--------+-----+--------+

Top non-repeatable levels by time:
     D:3: 799 daAuts
     D:2: 717 daAuts
     D:4: 523 daAuts
     D:1: 329 daAuts
